 Dungeon Crawl Stone Soup version 0.23.2-1-ga50397a (webtiles) character file.

Game seed: 17207339102154737430

1543 Borgoz the Cleaver (level 8, -4/70 HPs)
             Began as a Minotaur Gladiator on May 15, 2019.
             Slain by an orc warrior
             ... wielding a +0 long sword
              (17 damage)
             ... on level 5 of the Dungeon.
             The game lasted 00:09:25 (4208 turns).

Borgoz the Cleaver (Minotaur Gladiator)             Turns: 4208, Time: 00:09:26

Health: -4/70      AC:  8    Str: 18    XL:     8   Next: 56%
Magic:  7/7        EV: 13    Int:  5    God:
Gold:   266        SH:  0    Dex: 15    Spells: 7/7 levels left

rFire    + . .     SeeInvis .   a - +0 war axe
rCold    . . .     Gourm    .   (no shield)
rNeg     . . .     Faith    .   e - +0 scale mail
rPois    .         Spirit   .   c - +0 hat
rElec    .         Reflect  .   u - +0 cloak
rCorr    .         Harm     .   (no gloves)
MR       .....                  (no boots)
Stlth    ..........             (no amulet)
HPRegen  0.21/turn              k - +2 ring of dexterity
MPRegen  0.10/turn              (no ring)

@: no status effects
A: retaliatory headbutt, horns 2, clumsy 1, fire resistance 1
a: no special abilities


You were on level 5 of the Dungeon.
You were not hungry.

You visited 1 branch of the dungeon, and saw 7 of its levels.
You also visited: Sewer.

You collected 266 gold pieces.

Inventory:

Hand Weapons
 a - a +0 war axe (weapon)
Armour
 c - a +0 hat (worn)
 e - a +0 scale mail (worn)
 u - a +0 cloak (worn)
Jewellery
 k - a +2 ring of dexterity (left hand)
Wands
 y - a wand of flame (10)
Scrolls
 b - 5 scrolls of fog
 g - a scroll of immolation {unknown}
 h - a scroll of noise {unknown}
 l - a scroll of enchant armour {unknown}
 m - a scroll of amnesia {unknown}
 n - a scroll of remove curse {unknown}
 o - 2 scrolls of identify {unknown}
 p - a scroll of blinking {unknown}
 q - 2 scrolls of magic mapping {unknown}
 v - 3 scrolls of teleportation {unknown}
Potions
 i - a potion of cancellation {unknown}
 j - 3 potions of heal wounds {unknown}
 r - 2 potions of lignification
 s - 3 potions of flight
 w - 2 potions of curing
 x - 2 potions of degeneration {unknown}
 z - a potion of agility {unknown}
 A - a potion of berserk rage {unknown}
 B - a potion of brilliance {unknown}
 C - a potion of haste {unknown}
Comestibles
 f - 13 rations
 t - 5 chunks of flesh


   Skills:
 + Level 6.1 Fighting
 * Level 9.0 Axes
 - Level 2.0 Throwing
 + Level 5.6 Armour
 + Level 6.2 Dodging


You had 7 spell levels left.
You didn't know any spells.
Your spell library was empty.

Dungeon Overview and Level Annotations

Branches:
Dungeon (7/15)             Temple (0/1) D:4

Altars:
Dithmenos
Wu Jian


Innate Abilities, Weirdness & Mutations

You reflexively headbutt those who attack you in melee.
You have a pair of horns on your head.
You are clumsy. (Dex -2)
Your flesh is heat resistant. (rF+)


Message History

The orc warrior closely misses you.
Firing (i - inventory) No suitable missiles.
Press: ? - help, Shift-Dir - straight line, f - orc warrior
Aim: an orc warrior, wielding a +0 long sword and wearing a +2 plate armour of poison resistance
Okay, then.
Evoke which item? (* to show all) (? for menu, Esc to quit)
Okay, then.
You closely miss the orc warrior. You barely miss the orc warrior.
The orc warrior completely misses you.
You barely miss the orc warrior. Your headbutt misses the orc warrior.
The orc warrior barely misses you. You furiously retaliate!
You headbutt the orc warrior, but do no damage.
You closely miss the orc warrior.
You headbutt the orc warrior, but do no damage.
The orc warrior hits you with a +0 long sword!
* * * LOW HITPOINT WARNING * * *
You slash the orc warrior! Your headbutt misses the orc warrior.
The orc warrior is heavily wounded.
The orc warrior hits you with a +0 long sword!
You die...

####..................
#..§####..##........
#§§§§§###..#.........
§§§§§§§##............
§§§§§§§§#............
§§§.§§§§.#.÷........
.._§§.§..#>.........
§§..§§...#.)o......>
§...§§.###..@.......
§.§§.§§##............
#§§§.§# #.##.........
#§ #. #...###### .
#...# ## #...# #####


You could see an orc warrior.

Vanquished Creatures
  Grinder (D:5)
  Sigmund (D:4)
  Edmund (D:4)
  An ice beast (D:5)
  2 phantoms
  A big kobold (Sewer)
  A bullfrog (D:4)
  A scorpion (D:3)
  A howler monkey (D:4)
  A jelly (D:5)
  4 orc priests
  4 orc wizards
  2 worker ants
  A hound skeleton (D:4)
  12 adders
  An ooze (D:1)
  3 worms
  A dart slug (D:4)
  3 leopard geckos
  20 orcs
  7 giant cockroaches
  9 goblins
  3 hobgoblins
  12 jackals
  8 kobolds
  4 quokkas
  11 bats
  6 frilled lizards
  A leopard gecko skeleton (D:4)
  27 rats
150 creatures vanquished.

Notes
Turn   | Place    | Note
-------+----------+-------------------------------------------
     0 | D:1      | Borgoz the Minotaur Gladiator began the quest for the Orb.
     0 | D:1      | Reached XP level 1. HP: 18/18 MP: 0/0
    73 | D:1      | Reached XP level 2. HP: 16/25 MP: 1/1
    96 | D:1      | Reached skill level 4 in Axes
   100 | D:1      | Reached skill level 1 in Armour
   449 | D:1      | Reached XP level 3. HP: 30/30 MP: 2/2
   869 | D:2      | Reached XP level 4. HP: 16/38 MP: 3/3
   881 | D:2      | Gained mutation: You are partially covered in icy blue
                  | scales. (AC +2) [potion of mutation]
   881 | D:2      | Gained mutation: You are clumsy. (Dex -2) [potion of
                  | mutation]
   881 | D:2      | Lost mutation: You are partially covered in icy blue
                  | scales. (AC +2) [potion of mutation]
   881 | D:2      | Gained mutation: Your flesh is heat resistant. (rF+)
                  | [potion of mutation]
   889 | D:2      | Reached skill level 5 in Axes
   976 | D:2      | Reached XP level 5. HP: 38/45 MP: 4/4
  1832 | D:3      | Found an ornate altar of the Wu Jian Council.
  2126 | D:3      | Reached XP level 6. HP: 42/52 MP: 5/5
  2688 | D:3      | Reached skill level 6 in Axes
  2891 | D:4      | Found a staircase to the Ecumenical Temple.
  2930 | D:4      | Identified the +1 ring mail of Distant Shores {*Drain
                  | Str+5}
  3015 | D:4      | Noticed Edmund
  3027 | D:4      | Killed Edmund
  3027 | D:4      | Reached XP level 7. HP: 38/60 MP: 6/6
  3107 | D:4      | Reached skill level 5 in Dodging
  3146 | D:4      | Reached skill level 7 in Axes
  3471 | D:4      | Noticed Sigmund
  3474 | D:4      | You fall through a shaft for 3 floors!
  3507 | D:7      | Reached skill level 5 in Fighting
  3555 | D:6      | Found a glowing drain.
  3615 | Sewer    | Entered a sewer
  3702 | Sewer    | Found a glowing silver altar of Zin.
  3777 | D:5      | Entered Level 5 of the Dungeon
  3866 | D:4      | Killed Sigmund
  3866 | D:4      | Reached skill level 8 in Axes
  3866 | D:4      | Reached XP level 8. HP: 27/69 MP: 7/7
  4070 | D:5      | Noticed Grinder
  4083 | D:5      | Killed Grinder
  4083 | D:5      | Reached skill level 5 in Armour
  4090 | D:5      | Found a shadowy altar of Dithmenos.
  4203 | D:5      | Reached skill level 9 in Axes
  4208 | D:5      | Slain by an orc warrior

Skill      XL: |  1  2  3  4  5  6  7  8 |
---------------+-------------------------+-----
Axes           | 4 5 6 8 9 |  9.0
Armour         | 1 2 3 4 5 |  5.6
Fighting       | 3 4 5 6 |  6.1
Dodging        | 4 5 6 |  6.2
Throwing       | |  2.0

Action                   |  1- 3 |  4- 6 |  7- 9 || total
-------------------------+-------+-------+-------++-------
Melee: War axe           |    62 |   151 |   127 ||   340
       Headbutt          |     9 |    23 |    22 ||    54
Throw: Throwing net      |       |       |     4 ||     4
Evoke: Wand              |       |       |     3 ||     3
  Use: Potion            |       |     3 |     3 ||     6
       Scroll            |       |     1 |       ||     1
 Stab: Held in net/web   |       |       |     2 ||     2
  Eat: Chunk             |       |     7 |     4 ||    11
Armor: Leather armour    |    12 |       |       ||    12
       Ring mail         |    16 |     9 |       ||    25
       Skin              |       |    17 |       ||    17
       Scale mail        |       |    38 |    38 ||    76
Dodge: Dodged            |    55 |    98 |    78 ||   231
